 Dungeon Crawl Stone Soup version 0.16-a0-2184-gce8611a (console) character file.

244 Kellhus the Chopper (level 5, -19/41 HPs)
             Began as a Mummy Fighter on Nov 14, 2014.
             Demolished by an ogre
             ... wielding a +0 giant club
              (23 damage)
             ... on level 4 of the Dungeon.
             The game lasted 00:03:16 (2385 turns).

Kellhus the Chopper (Mummy Fighter)                 Turns: 2385, Time: 00:03:16

Health: -19/41     AC:  7    Str: 19    XL:     5   Next: 83%
Magic:  5/5        EV:  6    Int:  7    God:
Gold:   122        SH:  8    Dex: 12    Spells: 0 memorised, 4 levels left

rFire  x . .     SeeInvis .     a - +0 war axe
rCold  + . .     Clarity  .     b - +0 scale mail
rNeg   + + +     SustAb   +     c - +0 shield
rPois  +         Gourm    .     (no helmet)
rElec  .         Spirit   .     j - +0 cloak
rCorr  .         Warding  .     (no gloves)
rMut   .         Stasis   .     (no boots)
MR     .....                    (no amulet)
Stlth  ..........               (no ring)
                                g - ring of sustain abilities

@: not resistant to hostile enchantments, extremely unstealthy
A: no food or potions, fire vulnerability, restore body, cold resistance 1,
negative energy resistance 3, poison resistance, torment resistance, unbreathing
a: no special abilities


You were on level 4 of the Dungeon.
You were not hungry.

You visited 1 branch of the dungeon, and saw 4 of its levels.

You collected 122 gold pieces.

Inventory:

Hand weapons
 a - a +0 war axe (weapon)
Armour
 b - a +0 scale mail (worn)
 c - a +0 shield (worn)
 j - a +0 cloak (worn)
Jewellery
 g - a ring of sustain abilities (left hand)
Scrolls
 d - a scroll of fog {unknown}
 e - a scroll of random uselessness {unknown}
 f - a scroll of recharging {unknown}
 h - 3 scrolls of identify {unknown}
 i - a scroll of enchant armour {unknown}
 k - 2 scrolls of amnesia {unknown}


   Skills:
 - Level 3.0 Fighting
 + Level 5.1 Axes
 - Level 2.4 Armour
 - Level 2.4 Shields


You had 4 spell levels left.
You didn't know any spells.

Dungeon Overview and Level Annotations

Branches:
Dungeon (4/15)
 Temple: D:4-7

Altars:
Sif Muna
The Shining One

Annotations:
D:3 lennard's ghost, average SpWn


Innate Abilities, Weirdness & Mutations

You do not eat or drink.
Your flesh is vulnerable to fire.
Your flesh is cold resistant.
You are immune to negative energy.
Your system is resistant to poisons.
You are immune to unholy pain and torment.
You can survive without breathing.


Message History

You block the kobold's attack.
Your shield and scale mail prevent you from hitting the kobold.
You block the kobold's attack.
You barely miss the kobold. The kobold hits you but does no damage.
You hit the kobold.
You kill the kobold!
Your shield and scale mail prevent you from hitting the ogre.
The ogre hits you with a giant club!
You slash the ogre!
The ogre is moderately wounded.
You block the ogre's attack.
You slash the ogre!
The ogre is severely wounded.
The ogre hits you with a giant club!
* * * LOW HITPOINT WARNING * * *
You slash the ogre!
The ogre is almost dead.
The ogre hits you with a giant club!!
Ouch! That really hurt!
You die...

#..## ##..#
#..# # #..#
≈≈# ##.##
≈≈≈≈# #..#
≈≈≈≈≈≈##..#
≈≈≈≈≈≈≈##.#
≈≈≈≈≈≈≈≈#@#
≈≈≈≈≈≈≈≈≈#O#
.8≈≈≈≈≈≈≈#.#
#........†.#
........'.#
8≈≈≈≈≈≈≈#.#
≈≈O≈≈≈≈≈#.#
≈≈≈≈≈≈≈#..
≈≈≈≈≈##..#


You could see an ogre.

Vanquished Creatures
  2 worker ants (D:4)
  2 iguanas
  Jessica (D:2)
  A giant mite (D:3)
  5 adders
  2 worms (D:2)
  An adder skeleton (D:4)
  2 giant geckos (D:1)
  An orc (D:3)
  7 bats
  3 giant cockroaches
  8 goblins
  9 hobgoblins
  3 ball pythons (D:1)
  6 giant newts
  6 kobolds
  9 rats
68 creatures vanquished.

Notes
Turn   | Place    | Note
--------------------------------------------------------------
     0 | D:1      | Kellhus, the Mummy Fighter, began the quest for the Orb.
     0 | D:1      | Reached XP level 1. HP: 18/18 MP: 1/1
   117 | D:1      | Reached XP level 2. HP: 10/24 MP: 2/2
   504 | D:1      | Found a glowing golden altar of the Shining One.
   839 | D:2      | Noticed Jessica
   850 | D:2      | Killed Jessica
   850 | D:2      | Reached XP level 3. HP: 25/29 MP: 3/3
  1071 | D:2      | Reached XP level 4. HP: 31/35 MP: 4/4
  1470 | D:3      | Found a deep blue altar of Sif Muna.
  1534 | D:3      | Reached skill level 4 in Axes
  1636 | D:3      | Noticed lennard's ghost (average SpWn)
  2041 | D:3      | Reached XP level 5. HP: 29/41 MP: 5/5
  2370 | D:4      | Noticed an ogre
  2371 | D:4      | Reached skill level 5 in Axes
  2385 | D:4      | Demolished by an ogre

Action                   |  1- 3 |  4- 6 || total
-------------------------+-------+-------++-------
Melee: War axe           |   104 |   198 ||   302
